 Dungeon Crawl Stone Soup version 0.17.1-3-g152610e (webtiles) character file.

265 Gargoyl the Covered (level 5, -2/42 HPs)
             Began as a Demonspawn Abyssal Knight on Mar 21, 2016.
             Was a Priest of Lugonu.
             Slain by a gnoll
             ... wielding a +0 halberd of flaming
              (8 damage)
             ... on level 4 of the Dungeon.
             The game lasted 00:06:22 (2853 turns).

Gargoyl the Covered (Demonspawn Abyssal Knight)     Turns: 2853, Time: 00:06:22

Health: -2/42      AC: 12    Str: 12 (14) XL:     5   Next: 99%
Magic:  16/16      EV:  6    Int: 13      God:    Lugonu [***...]
Gold:   359        SH:  0    Dex: 12      Spells: 0 memorised, 4 levels left

rFire  . . .     SeeInvis .     v - +0 war axe
rCold  . . .     Clarity  .     e - +0 chain mail
rNeg   + . .     SustAt   .     (no shield)
rPois  +         Gourm    .     (no helmet)
rElec  .         Spirit   .     (no cloak)
rCorr  .         Warding  +     t - +0 pair of gloves
rMut   .         Stasis   .     k - +0 pair of boots
MR     .....                    g - amulet of warding
Stlth  ..........               u - ring of poison resistance
                                s - ring of magical power

@: about to teleport, flying (expiring), not resistant to hostile enchantments,
extremely unstealthy
A: talons 1, molten scales 1, spiny 1
a: Depart the Abyss, Bend Space, Banish, Renounce Religion


You were on level 4 of the Dungeon.
You worshipped Lugonu.
Lugonu was most pleased with you.
You were not hungry.

You visited 1 branch of the dungeon, and saw 4 of its levels.
You visited the Abyss 1 time.

You collected 359 gold pieces.

Inventory:

Hand Weapons
 p - a +0 flail
 v - a +0 war axe (weapon)
Armour
 e - a +0 chain mail (worn)
 k - a +0 pair of boots (worn)
 t - a +0 pair of gloves (worn)
Jewellery
 g - an amulet of warding (around neck)
 s - a ring of magical power (left hand)
 u - a ring of poison resistance (right hand)
 w - an uncursed amulet of rage
Scrolls
 a - a scroll of remove curse
 d - a scroll of teleportation
 h - a scroll of amnesia
 i - a scroll of fear {unknown}
 l - 2 scrolls of identify
 q - a scroll of recharging
Potions
 b - 2 potions of flight
 m - a potion of might {unknown}
 n - a potion of haste {unknown}
 o - a potion of degeneration
 z - a potion of cancellation {unknown}
Comestibles
 c - a bread ration
 f - a slice of pizza
 j - 2 beef jerkies
 x - a meat ration


   Skills:
 + Level 3.7 Fighting
 + Level 2.5 Axes
 * Level 4.3 Armour
 + Level 1.6 Dodging
 + Level 0.6 Stealth
 + Level 3.2 Invocations


You had 4 spell levels left.
You didn't know any spells.

Dungeon Overview and Level Annotations

Branches:
Dungeon (4/15)
 Temple: D:4-7

Altars:

Shops:
D:4 ?


Innate Abilities, Weirdness & Mutations

You have sharp toenails.
You are partially covered in molten scales (AC +1).
You are partially covered in sharp spines.


Message History

There was something very wrong with that liquid.
You feel weakened.
The scorpion stings you but does no damage.
The gnoll is struck by your spines.
You kill the gnoll!
Lugonu accepts your kill. The gnoll hits you but does no damage.
There is an open door here.
The scorpion is struck by your spines. The scorpion barely misses you.
The scorpion is struck by your spines. The scorpion barely misses you.
You are starting to lose your buoyancy.
Drink which item? (? for menu, Esc to quit)
It was a potion of cure mutation.
It has a very clean taste.
The scorpion is struck by your spines. The scorpion barely misses you.
Unknown command.
Read which item? (? for menu, Esc to quit)
As you read the scroll of teleportation, it crumbles to dust.
You feel strangely unstable.
The gnoll hits you from afar with a halberd of flaming!
You die...

# #........#
#.######## #.#
###.######
#........#
###.#.####.#
#........#.#
####.#.#.#..#.#
####
#@sg........#.####
...##
####.#............
#...#
#.#.....)#.####
#...##
#..........#
.....#
#####.##.###
.....## #....#
......# #.####
#...### ##'##
#...# ##...##


You could see a scorpion and a gnoll.

Vanquished Creatures
  A giant frog skeleton (D:4)
  An iguana (D:4)
  An orc wizard (D:3)
  6 gnolls
  5 adders
  2 oozes (D:3)
  A worm (D:2)
  2 giant geckos
  4 orcs
  4 giant cockroaches
  7 goblins
  8 hobgoblins
  7 jackals
  4 kobolds
  3 quokkas
  A ball python (D:1)
  11 bats
  2 giant newts (D:3)
  15 rats
85 creatures vanquished.

Notes
Turn   | Place    | Note
--------------------------------------------------------------
     0 | Abyss:1  | Gargoyl the Demonspawn Abyssal Knight began the quest for the Orb.
     0 | Abyss:1  | Reached XP level 1. HP: 18/18 MP: 2/2
    59 | Abyss:1  | Noticed a large abomination
    64 | Abyss:2  | Found a corrupted altar of Lugonu.
   107 | Abyss:2  | Found a corrupted altar of Lugonu.
   114 | D:1      | Escaped the Abyss
   303 | D:1      | Reached * piety under Lugonu
   346 | D:1      | Gained mutation: You are partially covered in sharp spines. [demonic ancestry]
   346 | D:1      | Reached XP level 2. HP: 12/24 MP: 3/3
   793 | D:2      | Reached skill level 1 in Dodging
   793 | D:2      | Gained mutation: You are partially covered in molten scales (AC +1). [demonic ancestry]
   793 | D:2      | Reached XP level 3. HP: 29/29 MP: 3/5
   869 | D:2      | Gained mutation: You have sharp toenails. [demonic ancestry]
   869 | D:2      | Reached XP level 4. HP: 27/35 MP: 6/6
   960 | D:2      | Reached ** piety under Lugonu
  1833 | D:3      | Reached XP level 5. HP: 41/41 MP: 7/7
  2041 | D:3      | Reached *** piety under Lugonu
  2414 | D:4      | Reached skill level 4 in Armour
  2530 | D:4      | Found Uwuyzas's Magic Scroll Emporium.
  2853 | D:4      | Slain by a gnoll

Action                   |  1- 3 |  4- 6 || total
-------------------------+-------+-------++-------
Melee: Hand axe          |    83 |    39 ||   122
       War axe           |       |    46 ||    46
Invok: Depart the Abyss  |     1 |       ||     1
  Use: Scroll            |       |     7 ||     7
       Potion            |       |     3 ||     3
  Eat: Chunk             |       |     3 ||     3
       Bread ration      |       |     1 ||     1
